Sabres vs Kings

Created - 26 janvier 2018 at 17:13

Goals
1 2 3 T
Sabres 0 1 0 1
Kings 2 0 1 3
Shots
1 2 3 T
Sabres 7 15 11 33
Kings 17 6 17 40

1st period

1. Kings , Alex Ovechkin 27 (Ryan Kesler 32, Brian Dumoulin 10) at 9:07
2. Kings , Alex Ovechkin 28 (Ryan Kesler 33) at 15:49 (PP)

Penalties :
Zach Hyman (BUF) for Hooking (Minor) at 15:34

2nd period

3. Sabres , Roman Josi 9 (Kevin Shattenkirk 19, Pheonix Copley) at 0:35 (PP)

Penalties :
Alex Ovechkin (LAK) for Interference (Minor) at 0:03, Alex Ovechkin (LAK) for Holding (Minor) at 0:54, Michael Del Zotto (LAK) for Holding (Minor) at 18:44

3rd period

4. Kings , Mathieu Perreault 11 (Artem Anisimov 21) at 7:32

Penalties :
Cam Fowler (LAK) for Hooking (Minor) at 13:08

Goalie Stats

Pheonix Copley (BUF), 37 saves from 40 shots - (0,925), L, 2-4-2, 60:00 minutes
Ryan Miller (LAK), 32 saves from 33 shots - (0,970), W, 16-15-4, 60:00 minutes

Players Stats for Sabres

Player Name              G  A  P  +/- PIM S  H  SB GA TA FO     MP     PP MP  PK MP  
------------------------------------------------------------------------------------
Andre Burakovsky         0  0  0  -1  0   0  0  1  0  0  1/4    17:11   0:00   0:00 
Andrew Copp              0  0  0   0  0   1  2  0  1  1  5/12   13:03   0:00   0:15 
Clayton Keller           0  0  0  -1  0   3  2  1  0  1  0/1    18:14   3:52   0:00 
Clayton Stoner           0  0  0   0  0   0  0  2  0  0  0/0     2:34   0:00   0:00 
David Backes             0  0  0  -1  0   2  2  1  0  0  1/1    16:40   0:00   0:00 
Erik Gudbranson          0  0  0   0  0   1  5  1  0  1  0/0    21:53   0:00   0:15 
Ivan Provorov            0  0  0  -2  0   0  2  0  0  1  0/0    20:18   2:23   0:15 
Josh Anderson            0  0  0   0  0   2  1  0  0  0  0/0    13:38   2:23   0:00 
Kevin Hayes              0  0  0  -1  0   2  0  1  0  0  8/13   17:08   2:37   0:00 
Kevin Shattenkirk        0  1  1  -2  0   0  2  2  0  0  0/0    25:59   4:06   0:00 
Marcus Kruger            0  0  0   0  0   1  1  0  0  0  1/3     9:07   0:00   0:00 
Martin Frk               0  0  0   0  0   4  2  0  3  0  0/0    14:29   2:37   0:00 
Michael Stone            0  0  0   0  0   1  1  3  0  0  0/0    19:55   0:00   0:00 
Paul Byron               0  0  0   0  0   4  1  0  1  0  0/0    11:54   2:37   0:00 
Paul Stastny             0  0  0  -1  0   4  1  1  0  0  9/17   20:11   3:52   0:15 
Rickard Rakell           0  0  0  -1  0   1  1  0  1  2  1/2    19:55   3:52   0:00 
Roman Josi               1  0  1   0  0   6  2  2  0  2  0/0    24:29   4:06   0:00 
Zach Hyman               0  0  0   0  2   1  0  0  0  1  0/0    13:06   0:00   0:00 

Players Stats for Kings

Player Name              G  A  P  +/- PIM S  H  SB GA TA FO     MP     PP MP  PK MP  
------------------------------------------------------------------------------------
Alex Ovechkin            2  0  2   1  4   8  4  0  2  1  0/2    18:21   0:15   0:00 
Artem Anisimov           0  1  1   1  0   0  2  0  0  0  1/2    15:01   0:00   0:00 
Brian Dumoulin           0  1  1   1  0   0  1  1  0  1  0/0    20:57   0:00   4:37 
Cam Fowler               0  0  0   0  2   1  2  0  1  2  0/0    20:42   0:15   0:53 
Danny DeKeyser           0  0  0   1  0   0  1  0  0  1  0/0    22:43   0:00   4:37 
Jason Zucker             0  0  0   0  0   1  0  0  1  0  0/0    15:32   0:00   4:31 
Jesper Bratt             0  0  0   0  0   5  0  1  0  0  0/1    10:58   0:00   0:00 
Justin Schultz           0  0  0   1  0   1  1  1  1  0  0/0    18:20   0:15   0:44 
Magnus Paajarvi          0  0  0   0  0   1  1  0  0  0  0/0    10:18   0:00   1:12 
Martin Hanzal            0  0  0   0  0   2  4  2  1  1  8/16   15:29   0:00   4:31 
Mathieu Perreault        1  0  1   1  0   4  4  0  1  0  1/2    15:15   0:00   0:00 
Michael Del Zotto        0  0  0   0  2   2  3  1  1  0  0/0    21:05   0:00   1:52 
Patrick Maroon           0  0  0   0  0   3  3  0  0  0  0/0     9:53   0:00   0:46 
Ryan Kesler              0  2  2   1  0   7  2  0  0  0  10/14  18:22   0:15   0:00 
Thomas Vanek             0  0  0   1  0   1  0  0  0  0  1/2    18:14   0:15   0:00 
Tomas Hertl              0  0  0   1  0   1  1  0  0  0  6/12   15:48   0:00   0:46 
Troy Stecher             0  0  0   1  0   0  2  2  0  0  0/0    16:11   0:00   0:15 
William Karlsson         0  0  0   0  0   3  0  0  1  0  0/2    10:18   0:00   1:12 

3 Stars

1 - Ryan Miller (LAK)
2 - Alex Ovechkin (LAK)
3 - Mathieu Perreault (LAK)

Power Play

Sabres - 1 on 4 Attempt(s) - 25,00%
Kings - 1 on 1 Attempt(s) - 100,00%

Penalty Kill

Sabres - 0 on 1 Attempt(s) - 0,00% - Score 0 goal in Penalty Kill
Kings - 3 on 4 Attempt(s) - 75,00% - Score 0 goal in Penalty Kill

Team Stat

Sabres - Hits : 25 - Faceoff Wins : 26 - Blocked Shots : 15 - Penalty Minutes : 2
Kings - Hits : 31 - Faceoff Wins : 27 - Blocked Shots : 8 - Penalty Minutes : 8

Official

Referees : Frederick L'Ecuyer and Tim Peel
Linesman : Darren Gibbs and David Brisebois

Game Notes

Clayton Stoner is injured at 6:30 of 1st period (Sprained Left Ankle)

Finance

Level 1 -- Attendance: 6000 (100,00%) -- Ticket Income 540 000 $
Level 2 -- Attendance: 4670 (93,40%) -- Ticket Income 233 500 $
Level 3 -- Attendance: 2000 (100,00%) -- Ticket Income 60 000 $
Level 4 -- Attendance: 4000 (100,00%) -- Ticket Income 40 000 $
Luxury Box -- Attendance: 956 (95,60%) -- Ticket Income 152 960 $
Game was played at the Hollywood Garden.
Total Attendance: 17626 (97,92%)
Total Ticket Income: 1 026 460 $
Other Income: 502 965 $
Total Income: 1 529 425 $

Sabres

5 vs 5 Forward 
   Center                   Left Wing                Right Wing               Time % Phy DF OF 
 1 Paul Stastny             David Backes             Rickard Rakell           30     0   1  4  
 2 Kevin Hayes              Clayton Keller           Andre Burakovsky         30     0   1  4  
 3 Andrew Copp              Zach Hyman               Martin Frk               25     1   2  2  
 4 Marcus Kruger            Paul Byron               Josh Anderson            15     1   2  2  

5 vs 5 Defense 
   Defense                  Defense                                           Time % Phy DF OF 
 1 Roman Josi               Michael Stone                                     35     0   4  1  
 2 Kevin Shattenkirk        Erik Gudbranson                                   35     0   4  1  
 3 Ivan Provorov            Clayton Stoner                                    30     0   4  1  
 4 Roman Josi               Kevin Shattenkirk                                 0      0   4  1  

PowerPlay Forward 
   Center                   Left Wing                Right Wing               Time % Phy DF OF 
 1 Paul Stastny             Clayton Keller           Rickard Rakell           55     0   0  5  
 2 Kevin Hayes              Paul Byron               Martin Frk               45     0   0  5  

PowerPlay Defense
   Defense                  Defense                                           Time % Phy DF OF 
 1 Roman Josi               Kevin Shattenkirk                                 55     0   1  4  
 2 Ivan Provorov            Josh Anderson                                     45     0   1  4  

Penalty Kill 4 Players Forward 
   Center                   Wing                     Time % Phy DF OF 
 1 Andrew Copp              Zach Hyman               60     0   4  1  
 2 Paul Stastny             Kevin Hayes              40     0   4  1  

Penalty Kill 4 Players Defense
   Defense                  Defense                  Time % Phy DF OF 
 1 Erik Gudbranson          Ivan Provorov            50     0   5  0  
 2 Michael Stone            Clayton Stoner           50     0   5  0  

Penalty Kill - 3 Players Forward 
   Forward                                           Time % Phy DF OF 
 1 Marcus Kruger                                     60     0   5  0  
 2 Andrew Copp                                       40     0   5  0  

Penalty Kill - 3 Players Defense
   Defense                  Defense                  Time % Phy DF OF 
 1 Michael Stone            Ivan Provorov            60     0   5  0  
 2 Erik Gudbranson          Clayton Stoner           40     0   5  0  

4 vs 4 Forward 
   Center                   Wing                     Time % Phy DF OF 
 1 Kevin Hayes              Andre Burakovsky         50     1   1  3  
 2 Andrew Copp              Zach Hyman               50     1   1  3  

4 vs 4 Defense
   Defense                  Defense                  Time % Phy DF OF 
 1 Ivan Provorov            Roman Josi               60     1   3  1  
 2 Kevin Shattenkirk        Clayton Stoner           40     2   1  2  

Last Minutes Offensive
   Center                   Left Wing                Right Wing               Defense                  Defense                  
   Paul Stastny             Clayton Keller           Rickard Rakell           Roman Josi               Kevin Shattenkirk        

Last Minutes Defensive
   Center                   Left Wing                Right Wing               Defense                  Defense                  
   Paul Stastny             Andrew Copp              Paul Byron               Michael Stone            Ivan Provorov            

Goaltenders
Starting : Pheonix Copley           
Backup : Martin Jones             

Extra Forwards
Normal : Andre Burakovsky, Josh Anderson, David Backes - PP : Andre Burakovsky, Clayton Keller - PK : Paul Stastny
Extra Defensemen
Normal : Clayton Stoner, Kevin Shattenkirk, Ivan Provorov - PP : Ivan Provorov - PK : Roman Josi, Kevin Shattenkirk
Penalty Shots
Paul Byron, Kevin Hayes, Rickard Rakell, Paul Stastny, David Backes
Custom OT Lines Forwards
Paul Stastny, Clayton Keller, Rickard Rakell, Kevin Hayes, Paul Byron, David Backes, Andre Burakovsky, Zach Hyman, Josh Anderson, Martin Frk
Custom OT Lines Defensemen
Roman Josi, Ivan Provorov, Kevin Shattenkirk, Michael Stone, Erik Gudbranson

Scratches
Jori Lehtera (Healthy), Matt Carey (Healthy), Ryan Rupert (Healthy), Christian Thomas (Healthy), Matt Bailey (Healthy)
Quentin Shore (Healthy)

Kings

5 vs 5 Forward 
   Center                   Left Wing                Right Wing               Time % Phy DF OF 
 1 Ryan Kesler              Alex Ovechkin            Thomas Vanek             36     0   2  3  
 2 Tomas Hertl              Artem Anisimov           Mathieu Perreault        31     0   2  3  
 3 Martin Hanzal            Jesper Bratt             Jason Zucker             24     0   2  3  
 4 William Karlsson         Patrick Maroon           Magnus Paajarvi          9      1   2  2  

5 vs 5 Defense 
   Defense                  Defense                                           Time % Phy DF OF 
 1 Cam Fowler               Michael Del Zotto                                 38     1   2  2  
 2 Justin Schultz           Danny DeKeyser                                    33     1   2  2  
 3 Brian Dumoulin           Troy Stecher                                      29     1   2  2  
 4 Cam Fowler               Danny DeKeyser                                    0      1   2  2  

PowerPlay Forward 
   Center                   Left Wing                Right Wing               Time % Phy DF OF 
 1 Ryan Kesler              Alex Ovechkin            Thomas Vanek             65     0   1  4  
 2 Tomas Hertl              Artem Anisimov           Mathieu Perreault        35     0   1  4  

PowerPlay Defense
   Defense                  Defense                                           Time % Phy DF OF 
 1 Cam Fowler               Justin Schultz                                    60     0   1  4  
 2 Michael Del Zotto        Jesper Bratt                                      40     0   1  4  

Penalty Kill 4 Players Forward 
   Center                   Wing                     Time % Phy DF OF 
 1 Martin Hanzal            Jason Zucker             60     1   4  0  
 2 William Karlsson         Magnus Paajarvi          40     1   4  0  

Penalty Kill 4 Players Defense
   Defense                  Defense                  Time % Phy DF OF 
 1 Brian Dumoulin           Danny DeKeyser           60     1   4  0  
 2 Cam Fowler               Michael Del Zotto        40     1   4  0  

Penalty Kill - 3 Players Forward 
   Forward                                           Time % Phy DF OF 
 1 Ryan Kesler                                       60     1   4  0  
 2 Martin Hanzal                                     40     1   4  0  

Penalty Kill - 3 Players Defense
   Defense                  Defense                  Time % Phy DF OF 
 1 Cam Fowler               Danny DeKeyser           60     1   4  0  
 2 Brian Dumoulin           Michael Del Zotto        40     1   4  0  

4 vs 4 Forward 
   Center                   Wing                     Time % Phy DF OF 
 1 Ryan Kesler              Alex Ovechkin            60     0   2  3  
 2 Tomas Hertl              Artem Anisimov           40     1   2  2  

4 vs 4 Defense
   Defense                  Defense                  Time % Phy DF OF 
 1 Cam Fowler               Michael Del Zotto        60     0   2  3  
 2 Justin Schultz           Danny DeKeyser           40     1   2  2  

Last Minutes Offensive
   Center                   Left Wing                Right Wing               Defense                  Defense                  
   Ryan Kesler              Alex Ovechkin            Thomas Vanek             Cam Fowler               Justin Schultz           

Last Minutes Defensive
   Center                   Left Wing                Right Wing               Defense                  Defense                  
   Ryan Kesler              Martin Hanzal            William Karlsson         Cam Fowler               Danny DeKeyser           

Goaltenders
Starting : Ryan Miller              
Backup : Alex Stalock             

Extra Forwards
Normal : Mathieu Perreault, Jason Zucker, Patrick Maroon - PP : Mathieu Perreault, Patrick Maroon - PK : Tomas Hertl
Extra Defensemen
Normal : Justin Schultz, Brian Dumoulin, Troy Stecher - PP : Troy Stecher - PK : Justin Schultz, Troy Stecher
Penalty Shots
Thomas Vanek, William Karlsson, Alex Ovechkin, Artem Anisimov, Ryan Kesler
Custom OT Lines Forwards
Alex Ovechkin, Ryan Kesler, Artem Anisimov, Martin Hanzal, Thomas Vanek, Jason Zucker, Mathieu Perreault, Patrick Maroon, Magnus Paajarvi, William Karlsson
Custom OT Lines Defensemen
Justin Schultz, Cam Fowler, Brian Dumoulin, Michael Del Zotto, Danny DeKeyser

Scratches
Oliver Bjorkstrand (Healthy), Jon Merrill (Right Ankle Injury), Korbinian Holzer (Healthy), Semyon Varlamov (Healthy)

% Time on Ice - Sabres

Lines # - Real PCT - Wanted PCT - Time Play
Normal Forward
1 - 31% - 30% - 16:22
2 - 30% - 30% - 15:46
3 - 23% - 25% - 12:01
4 - 17% - 15% - 9:07
Normal Defense
1 - 34% - 35% - 18:21
2 - 28% - 35% - 14:42
3 - 35% - 30% - 18:27
4 - 3% - 0% - 1:46
PP Forward
1 - 60% - 55% - 3:52
2 - 40% - 45% - 2:37
PP Defense
1 - 63% - 55% - 4:06
2 - 37% - 45% - 2:23
PK Forward
1 - 100% - 60% - 0:15
2 - 0% - 40% - 0:00
PK Defense
1 - 100% - 50% - 0:15
2 - 0% - 50% - 0:00
PK3 Forward
1 - 0% - 60%
2 - 0% - 40%
PK3 Defense
1 - 0% - 60%
2 - 0% - 40%
44 Forward
1 - 0% - 50%
2 - 0% - 50%
44 Defense
1 - 0% - 60%
2 - 0% - 40%
Last Minute Offensive  - 0:00
Last Minute Defensive  - 0:00
Total
Forward - 60:00
Defense - 60:00

% Time on Ice - Kings

Lines # - Real PCT - Wanted PCT - Time Play
Normal Forward
1 - 34% - 36% - 18:11
2 - 28% - 31% - 15:01
3 - 21% - 24% - 10:58
4 - 17% - 9% - 9:06
Normal Defense
1 - 36% - 38% - 19:10
2 - 33% - 33% - 17:22
3 - 30% - 29% - 15:56
4 - 2% - 0% - 0:48
PP Forward
1 - 100% - 65% - 0:15
2 - 0% - 35% - 0:00
PP Defense
1 - 100% - 60% - 0:15
2 - 0% - 40% - 0:00
PK Forward
1 - 81% - 60% - 5:17
2 - 19% - 40% - 1:12
PK Defense
1 - 71% - 60% - 4:37
2 - 29% - 40% - 1:52
PK3 Forward
1 - 0% - 60%
2 - 0% - 40%
PK3 Defense
1 - 0% - 60%
2 - 0% - 40%
44 Forward
1 - 0% - 60%
2 - 0% - 40%
44 Defense
1 - 0% - 60%
2 - 0% - 40%
Last Minute Offensive  - 0:00
Last Minute Defensive  - 0:00
Total
Forward - 60:00
Defense - 60:00

Play by Play

1st period


0:01 of 1st period - Paul Stastny wins face-off versus Alex Ovechkin in neutral zone.
0:13 of 1st period - Slapshot by Alex Ovechkin.
0:13 of 1st period - Stopped by Pheonix Copley with a rebound.
0:25 of 1st period - Roman Josi is hit by Mathieu Perreault and loses puck.
1:10 of 1st period - Wrist shot by Tomas Hertl.
1:10 of 1st period - Deflect By Kevin Shattenkirk.
1:10 of 1st period - Shot Misses the Net.
1:10 of 1st period - Puck is out of play.
1:11 of 1st period - Martin Hanzal wins face-off versus Andrew Copp in Sabres zone.
1:12 of 1st period - Slapshot by Jason Zucker.
1:12 of 1st period - Shot Misses the Net.
1:43 of 1st period - Rickard Rakell is hit by Ryan Kesler and loses puck.
2:01 of 1st period - Kevin Hayes is hit by Patrick Maroon and loses puck.
2:16 of 1st period - Martin Hanzal is hit by Marcus Kruger and loses puck.
2:20 of 1st period - Icing by Danny DeKeyser.
2:21 of 1st period - Martin Hanzal wins face-off versus Marcus Kruger in Kings zone.
2:37 of 1st period - Wrist shot by Paul Byron.
2:37 of 1st period - Shot Misses the Net.
2:56 of 1st period - Snap shot by Paul Byron.
2:56 of 1st period - Stopped by Ryan Miller without a rebound.
2:57 of 1st period - Andrew Copp wins face-off versus Ryan Kesler in Kings zone.
3:04 of 1st period - Slapshot by Roman Josi.
3:04 of 1st period - Stopped by Ryan Miller with a rebound.
3:50 of 1st period - Snap shot by Patrick Maroon.
3:50 of 1st period - Shot Misses the Net.
3:52 of 1st period - Backhand shot by William Karlsson.
3:52 of 1st period - Shot Blocked by Clayton Stoner.
3:54 of 1st period - Slapshot by William Karlsson.
3:54 of 1st period - Stopped by Pheonix Copley with a rebound.
5:48 of 1st period - Tomas Hertl is hit by Kevin Shattenkirk and loses puck.
6:30 of 1st period - Snap shot by Jason Zucker.
6:30 of 1st period - Shot Blocked by Clayton Stoner.
6:30 of 1st period - Clayton Stoner from Sabres is injured at 6:30 of 1st period (Sprained Left Ankle).
6:31 of 1st period - Ryan Kesler wins face-off versus Paul Stastny in Sabres zone.
6:32 of 1st period - Snap shot by Alex Ovechkin.
6:32 of 1st period - Shot Blocked by Erik Gudbranson.
6:34 of 1st period - Wrist shot by Ryan Kesler.
6:34 of 1st period - Deflect By Paul Stastny.
6:34 of 1st period - Stopped by Pheonix Copley with a rebound.
6:36 of 1st period - Wrist shot by Ryan Kesler.
6:36 of 1st period - Stopped by Pheonix Copley with a rebound.
7:42 of 1st period - Snap shot by William Karlsson.
7:42 of 1st period - Deflect By Patrick Maroon.
7:42 of 1st period - Stopped by Pheonix Copley with a rebound.
7:44 of 1st period - Slapshot by Justin Schultz.
7:44 of 1st period - Shot Blocked by Kevin Shattenkirk.
7:46 of 1st period - Wrist shot by Magnus Paajarvi.
7:46 of 1st period - Shot Misses the Net.
7:48 of 1st period - Slapshot by Patrick Maroon.
7:48 of 1st period - Shot Misses the Net.
8:06 of 1st period - Slapshot by Paul Stastny.
8:06 of 1st period - Stopped by Ryan Miller with a rebound.
8:17 of 1st period - Brian Dumoulin is hit by David Backes.
8:31 of 1st period - Wrist shot by Alex Ovechkin.
8:31 of 1st period - Shot Misses the Net.
8:33 of 1st period - Slapshot by Troy Stecher.
8:33 of 1st period - Shot Blocked by Paul Stastny.
8:35 of 1st period - Slapshot by Brian Dumoulin.
8:35 of 1st period - Shot Blocked by Kevin Shattenkirk.
8:37 of 1st period - Slapshot by Brian Dumoulin.
8:37 of 1st period - Shot Misses the Net.
8:39 of 1st period - Wrist shot by Ryan Kesler.
8:39 of 1st period - Shot Misses the Net.
8:57 of 1st period - Wrist shot by Alex Ovechkin.
8:57 of 1st period - Shot Hit the Post.
8:59 of 1st period - Snap shot by Brian Dumoulin.
8:59 of 1st period - Shot Misses the Net.
9:01 of 1st period - Snap shot by Ryan Kesler.
9:01 of 1st period - Shot Misses the Net.
9:03 of 1st period - Snap shot by Ryan Kesler.
9:03 of 1st period - Stopped by Pheonix Copley with a rebound.
9:05 of 1st period - Snap shot by Ryan Kesler.
9:05 of 1st period - Shot Misses the Net.
9:07 of 1st period - Snap shot by Alex Ovechkin.
9:07 of 1st period - Goal by Alex Ovechkin - Sabres : 0 - Kings : 1.
9:08 of 1st period - Kevin Hayes wins face-off versus Tomas Hertl in neutral zone.
9:30 of 1st period - Icing by Michael Del Zotto.
9:31 of 1st period - Tomas Hertl wins face-off versus Andrew Copp in Kings zone.
9:56 of 1st period - Mathieu Perreault is hit by Clayton Keller and loses puck.
10:21 of 1st period - Roman Josi is hit by Patrick Maroon and loses puck.
10:42 of 1st period - Slapshot by Alex Ovechkin.
10:42 of 1st period - Shot Misses the Net.
10:48 of 1st period - Ryan Kesler is hit by Josh Anderson and loses puck.
11:20 of 1st period - Brian Dumoulin is hit by Kevin Shattenkirk and loses puck.
11:29 of 1st period - Slapshot by Jason Zucker.
11:29 of 1st period - Shot Misses the Net.
11:31 of 1st period - Wrist shot by Jesper Bratt.
11:31 of 1st period - Stopped by Pheonix Copley without a rebound.
11:32 of 1st period - Andrew Copp wins face-off versus Tomas Hertl in Sabres zone.
11:37 of 1st period - Slapshot by Roman Josi.
11:37 of 1st period - Stopped by Ryan Miller with a rebound.
11:39 of 1st period - Wrist shot by Zach Hyman.
11:39 of 1st period - Stopped by Ryan Miller with a rebound.
12:02 of 1st period - Ryan Kesler is hit by Clayton Keller and loses puck.
12:28 of 1st period - Off-side.
12:29 of 1st period - Andrew Copp wins face-off versus Tomas Hertl in neutral zone.
12:32 of 1st period - Tomas Hertl is hit by Erik Gudbranson and loses puck.
13:11 of 1st period - Slapshot by Thomas Vanek.
13:11 of 1st period - Shot Misses the Net.
14:01 of 1st period - Tomas Hertl is hit by Roman Josi and loses puck.
14:10 of 1st period - Snap shot by Mathieu Perreault.
14:10 of 1st period - Stopped by Pheonix Copley with a rebound.
14:24 of 1st period - Snap shot by Ryan Kesler.
14:24 of 1st period - Stopped by Pheonix Copley with a rebound.
14:26 of 1st period - Snap shot by Cam Fowler.
14:26 of 1st period - Shot Blocked by Kevin Hayes.
14:28 of 1st period - Snap shot by Michael Del Zotto.
14:28 of 1st period - Stopped by Pheonix Copley with a rebound.
15:02 of 1st period - Josh Anderson is hit by Michael Del Zotto and loses puck.
15:07 of 1st period - Wrist shot by Mathieu Perreault.
15:07 of 1st period - Stopped by Pheonix Copley without a rebound.
15:08 of 1st period - Kevin Hayes wins face-off versus Artem Anisimov in Sabres zone.
15:34 of 1st period - Minor Penalty to Zach Hyman for Hooking.
15:35 of 1st period - Thomas Vanek wins face-off versus Andrew Copp in Sabres zone.
15:41 of 1st period - Snap shot by Ryan Kesler.
15:41 of 1st period - Stopped by Pheonix Copley without a rebound.
15:42 of 1st period - Ryan Kesler wins face-off versus Andrew Copp in Sabres zone.
15:49 of 1st period - Wrist shot by Alex Ovechkin.
15:49 of 1st period - Goal by Alex Ovechkin - Sabres : 0 - Kings : 2.
15:50 of 1st period - Ryan Kesler wins face-off versus Andrew Copp in neutral zone.
16:18 of 1st period - Off-side.
16:19 of 1st period - Tomas Hertl wins face-off versus Rickard Rakell in neutral zone.
16:24 of 1st period - Paul Stastny is hit by Tomas Hertl and loses puck.
16:45 of 1st period - Wrist shot by Tomas Hertl.
16:45 of 1st period - Stopped by Pheonix Copley with a rebound.
17:12 of 1st period - Slapshot by Roman Josi.
17:12 of 1st period - Stopped by Ryan Miller with a rebound.
18:46 of 1st period - Paul Byron is hit by Mathieu Perreault and loses puck.
19:03 of 1st period - Slapshot by Kevin Shattenkirk.
19:03 of 1st period - Shot Blocked by Troy Stecher.
19:43 of 1st period - Snap shot by Martin Hanzal.
19:43 of 1st period - Stopped by Pheonix Copley with a rebound.
19:45 of 1st period - Snap shot by Jesper Bratt.
19:45 of 1st period - Stopped by Pheonix Copley without a rebound.
19:46 of 1st period - Ryan Kesler wins face-off versus Paul Stastny in Sabres zone.
19:47 of 1st period - Wrist shot by Alex Ovechkin.
19:47 of 1st period - Shot Blocked by Michael Stone.
19:57 of 1st period - Wrist shot by David Backes.
19:57 of 1st period - Shot Misses the Net.
19:59 of 1st period - Slapshot by Michael Stone.
19:59 of 1st period - Deflect By Alex Ovechkin.
19:59 of 1st period - Stopped by Ryan Miller with a rebound.
Goals for this period are 0 for Sabres vs 2 for Kings.
Shots for this period are 7 for Sabres vs 17 for Kings.

2nd period


0:01 of 2nd period - Ryan Kesler wins face-off versus Kevin Hayes in neutral zone.
0:03 of 2nd period - Minor Penalty to Alex Ovechkin for Interference.
0:04 of 2nd period - Martin Hanzal wins face-off versus Paul Stastny in Kings zone.
0:35 of 2nd period - Slapshot by Roman Josi.
0:35 of 2nd period - Goal by Roman Josi - Sabres : 1 - Kings : 2.
0:36 of 2nd period - Kevin Hayes wins face-off versus Ryan Kesler in neutral zone.
0:54 of 2nd period - Minor Penalty to Alex Ovechkin for Holding.
0:55 of 2nd period - Paul Stastny wins face-off versus Martin Hanzal in Kings zone.
1:03 of 2nd period - Slapshot by Rickard Rakell.
1:03 of 2nd period - Shot Blocked by Brian Dumoulin.
1:05 of 2nd period - Snap shot by Paul Stastny.
1:05 of 2nd period - Stopped by Ryan Miller with a rebound.
1:07 of 2nd period - Slapshot by Roman Josi.
1:07 of 2nd period - Stopped by Ryan Miller with a rebound.
1:09 of 2nd period - Wrist shot by Clayton Keller.
1:09 of 2nd period - Shot Misses the Net.
1:11 of 2nd period - Snap shot by Paul Stastny.
1:11 of 2nd period - Shot Misses the Net.
1:41 of 2nd period - Clayton Keller is hit by Martin Hanzal.
2:54 of 2nd period - Penalty to Alex Ovechkin is over, Alex Ovechkin is back on ice.
3:20 of 2nd period - Wrist shot by Mathieu Perreault.
3:20 of 2nd period - Stopped by Pheonix Copley with a rebound.
3:43 of 2nd period - Kevin Hayes is hit by Magnus Paajarvi and loses puck.
5:12 of 2nd period - Andre Burakovsky is hit by Patrick Maroon and loses puck.
5:39 of 2nd period - Wrist shot by Mathieu Perreault.
5:39 of 2nd period - Shot Blocked by Michael Stone.
5:51 of 2nd period - Danny DeKeyser is hit by Paul Byron and loses puck.
6:15 of 2nd period - Wrist shot by Patrick Maroon.
6:15 of 2nd period - Stopped by Pheonix Copley with a rebound.
7:07 of 2nd period - Martin Frk is hit by Cam Fowler and loses puck.
7:20 of 2nd period - Andre Burakovsky is hit by Martin Hanzal.
8:00 of 2nd period - Tomas Hertl is hit by Erik Gudbranson and loses puck.
8:29 of 2nd period - Clayton Keller is hit by Michael Del Zotto and loses puck.
8:42 of 2nd period - Josh Anderson is hit by Alex Ovechkin and loses puck.
9:10 of 2nd period - Paul Stastny is hit by Troy Stecher and loses puck.
9:53 of 2nd period - Alex Ovechkin is hit by Martin Frk and loses puck.
9:58 of 2nd period - Snap shot by Martin Frk.
9:58 of 2nd period - Stopped by Ryan Miller with a rebound.
10:00 of 2nd period - Wrist shot by Andrew Copp.
10:00 of 2nd period - Shot Misses the Net.
10:37 of 2nd period - Rickard Rakell is hit by Cam Fowler and loses puck.
10:56 of 2nd period - Zach Hyman is hit by Brian Dumoulin and loses puck.
11:43 of 2nd period - Slapshot by Martin Hanzal.
11:43 of 2nd period - Stopped by Pheonix Copley without a rebound.
11:44 of 2nd period - Martin Hanzal wins face-off versus Andrew Copp in Sabres zone.
11:45 of 2nd period - Snap shot by Jesper Bratt.
11:45 of 2nd period - Stopped by Pheonix Copley without a rebound.
11:46 of 2nd period - Andrew Copp wins face-off versus Ryan Kesler in Sabres zone.
11:59 of 2nd period - Slapshot by Roman Josi.
11:59 of 2nd period - Stopped by Ryan Miller with a rebound.
12:11 of 2nd period - Rickard Rakell is hit by Mathieu Perreault and loses puck.
12:28 of 2nd period - Slapshot by Michael Stone.
12:28 of 2nd period - Shot Misses the Net.
12:30 of 2nd period - Slapshot by Josh Anderson.
12:30 of 2nd period - Deflect By Paul Byron.
12:30 of 2nd period - Shot Blocked by Michael Del Zotto.
12:30 of 2nd period - Puck is out of play.
12:31 of 2nd period - Paul Stastny wins face-off versus Martin Hanzal in Kings zone.
12:32 of 2nd period - Snap shot by Rickard Rakell.
12:32 of 2nd period - Stopped by Ryan Miller without a rebound.
12:33 of 2nd period - Rickard Rakell wins face-off versus Martin Hanzal in Kings zone.
12:34 of 2nd period - Snap shot by Paul Stastny.
12:34 of 2nd period - Shot Misses the Net.
12:36 of 2nd period - Slapshot by Paul Stastny.
12:36 of 2nd period - Stopped by Ryan Miller without a rebound.
12:37 of 2nd period - Ryan Kesler wins face-off versus Paul Stastny in Kings zone.
12:49 of 2nd period - Slapshot by Ryan Kesler.
12:49 of 2nd period - Shot Misses the Net.
12:55 of 2nd period - Danny DeKeyser is hit by David Backes and loses puck.
13:37 of 2nd period - Off-side.
13:38 of 2nd period - Kevin Hayes wins face-off versus Tomas Hertl in neutral zone.
14:03 of 2nd period - Roman Josi is hit by Michael Del Zotto and loses puck.
14:26 of 2nd period - Snap shot by Patrick Maroon.
14:26 of 2nd period - Shot Misses the Net.
14:28 of 2nd period - Slapshot by William Karlsson.
14:28 of 2nd period - Shot Misses the Net.
14:48 of 2nd period - Slapshot by Kevin Hayes.
14:48 of 2nd period - Stopped by Ryan Miller without a rebound.
14:49 of 2nd period - Tomas Hertl wins face-off versus Andre Burakovsky in Kings zone.
15:02 of 2nd period - Wrist shot by Kevin Hayes.
15:02 of 2nd period - Shot Misses the Net.
15:18 of 2nd period - Slapshot by Ryan Kesler.
15:18 of 2nd period - Stopped by Pheonix Copley without a rebound.
15:19 of 2nd period - Ryan Kesler wins face-off versus Paul Stastny in Sabres zone.
15:48 of 2nd period - Wrist shot by Alex Ovechkin.
15:48 of 2nd period - Deflect By Thomas Vanek.
15:48 of 2nd period - Shot Hit the Post.
15:48 of 2nd period - Puck is out of play.
15:49 of 2nd period - Tomas Hertl wins face-off versus Kevin Hayes in Sabres zone.
16:15 of 2nd period - Martin Hanzal is hit by Andrew Copp and loses puck.
16:51 of 2nd period - Rickard Rakell is hit by Justin Schultz.
17:03 of 2nd period - Wrist shot by Alex Ovechkin.
17:03 of 2nd period - Shot Misses the Net.
17:13 of 2nd period - Wrist shot by Alex Ovechkin.
17:13 of 2nd period - Stopped by Pheonix Copley with a rebound.
17:29 of 2nd period - Snap shot by Clayton Keller.
17:29 of 2nd period - Stopped by Ryan Miller without a rebound.
17:30 of 2nd period - Tomas Hertl wins face-off versus Kevin Hayes in Kings zone.
18:22 of 2nd period - Snap shot by Josh Anderson.
18:22 of 2nd period - Stopped by Ryan Miller without a rebound.
18:23 of 2nd period - Artem Anisimov wins face-off versus Marcus Kruger in Kings zone.
18:36 of 2nd period - Snap shot by Paul Byron.
18:36 of 2nd period - Stopped by Ryan Miller with a rebound.
18:38 of 2nd period - Wrist shot by Josh Anderson.
18:38 of 2nd period - Shot Misses the Net.
18:44 of 2nd period - Minor Penalty to Michael Del Zotto for Holding.
18:45 of 2nd period - Martin Hanzal wins face-off versus Paul Stastny in Kings zone.
18:54 of 2nd period - Slapshot by Kevin Shattenkirk.
18:54 of 2nd period - Deflect By Clayton Keller.
18:54 of 2nd period - Stopped by Ryan Miller with a rebound.
18:56 of 2nd period - Snap shot by Paul Stastny.
18:56 of 2nd period - Stopped by Ryan Miller without a rebound.
18:57 of 2nd period - Paul Stastny wins face-off versus Martin Hanzal in Kings zone.
19:05 of 2nd period - Icing by Kevin Shattenkirk.
19:06 of 2nd period - Paul Stastny wins face-off versus Martin Hanzal in Sabres zone.
19:30 of 2nd period - Snap shot by Roman Josi.
19:30 of 2nd period - Deflect By Clayton Keller.
19:30 of 2nd period - Deflect By Martin Hanzal.
19:30 of 2nd period - Shot Misses the Net.
19:30 of 2nd period - Puck is out of play.
19:31 of 2nd period - Kevin Hayes wins face-off versus Martin Hanzal in Kings zone.
19:34 of 2nd period - Wrist shot by Kevin Hayes.
19:34 of 2nd period - Stopped by Ryan Miller without a rebound.
19:35 of 2nd period - Martin Hanzal wins face-off versus Kevin Hayes in Kings zone.
19:50 of 2nd period - Snap shot by Martin Frk.
19:50 of 2nd period - Stopped by Ryan Miller with a rebound.
Goals for this period are 1 for Sabres vs 0 for Kings.
Shots for this period are 15 for Sabres vs 6 for Kings.

3rd period


0:01 of 3rd period - Paul Stastny wins face-off versus Martin Hanzal in neutral zone.
0:14 of 3rd period - Wrist shot by Kevin Shattenkirk.
0:14 of 3rd period - Shot Misses the Net.
0:32 of 3rd period - Wrist shot by Paul Byron.
0:32 of 3rd period - Shot Misses the Net.
0:34 of 3rd period - Wrist shot by Paul Byron.
0:34 of 3rd period - Stopped by Ryan Miller with a rebound.
0:36 of 3rd period - Snap shot by Kevin Hayes.
0:36 of 3rd period - Shot Blocked by Martin Hanzal.
0:44 of 3rd period - Penalty to Michael Del Zotto is over, Michael Del Zotto is back on ice.
0:52 of 3rd period - Tomas Hertl is hit by Paul Stastny and loses puck.
1:05 of 3rd period - Snap shot by Martin Frk.
1:05 of 3rd period - Stopped by Ryan Miller with a rebound.
1:07 of 3rd period - Slapshot by Erik Gudbranson.
1:07 of 3rd period - Deflect By Ryan Kesler.
1:07 of 3rd period - Stopped by Ryan Miller without a rebound.
1:08 of 3rd period - Kevin Hayes wins face-off versus Ryan Kesler in Kings zone.
1:27 of 3rd period - Wrist shot by Alex Ovechkin.
1:27 of 3rd period - Stopped by Pheonix Copley with a rebound.
1:48 of 3rd period - Wrist shot by Alex Ovechkin.
1:48 of 3rd period - Stopped by Pheonix Copley with a rebound.
1:50 of 3rd period - Backhand shot by Cam Fowler.
1:50 of 3rd period - Stopped by Pheonix Copley with a rebound.
1:52 of 3rd period - Snap shot by Ryan Kesler.
1:52 of 3rd period - Shot Misses the Net.
1:54 of 3rd period - Slapshot by Michael Del Zotto.
1:54 of 3rd period - Shot Blocked by Michael Stone.
1:56 of 3rd period - Wrist shot by Thomas Vanek.
1:56 of 3rd period - Stopped by Pheonix Copley with a rebound.
1:58 of 3rd period - Wrist shot by Thomas Vanek.
1:58 of 3rd period - Shot Blocked by David Backes.
2:16 of 3rd period - Wrist shot by Ryan Kesler.
2:16 of 3rd period - Shot Misses the Net.
2:18 of 3rd period - Slapshot by Thomas Vanek.
2:18 of 3rd period - Deflect By Ryan Kesler.
2:18 of 3rd period - Shot Blocked by Roman Josi.
2:18 of 3rd period - Puck is out of play.
2:19 of 3rd period - Andre Burakovsky wins face-off versus Tomas Hertl in Sabres zone.
2:44 of 3rd period - Danny DeKeyser is hit by Erik Gudbranson.
2:52 of 3rd period - Snap shot by Martin Frk.
2:52 of 3rd period - Stopped by Ryan Miller with a rebound.
2:54 of 3rd period - Wrist shot by Zach Hyman.
2:54 of 3rd period - Shot Blocked by Justin Schultz.
2:56 of 3rd period - Wrist shot by Andrew Copp.
2:56 of 3rd period - Stopped by Ryan Miller with a rebound.
3:08 of 3rd period - Slapshot by Justin Schultz.
3:08 of 3rd period - Deflect By William Karlsson.
3:08 of 3rd period - Stopped by Pheonix Copley with a rebound.
3:11 of 3rd period - Icing by Roman Josi.
3:12 of 3rd period - Paul Stastny wins face-off versus William Karlsson in Sabres zone.
3:35 of 3rd period - Slapshot by Brian Dumoulin.
3:35 of 3rd period - Shot Misses the Net.
3:37 of 3rd period - Slapshot by Michael Del Zotto.
3:37 of 3rd period - Stopped by Pheonix Copley with a rebound.
4:07 of 3rd period - Wrist shot by David Backes.
4:07 of 3rd period - Stopped by Ryan Miller without a rebound.
4:08 of 3rd period - Kevin Hayes wins face-off versus Tomas Hertl in Kings zone.
4:09 of 3rd period - Wrist shot by Clayton Keller.
4:09 of 3rd period - Stopped by Ryan Miller without a rebound.
4:10 of 3rd period - Tomas Hertl wins face-off versus Clayton Keller in Kings zone.
4:35 of 3rd period - Jesper Bratt is hit by Erik Gudbranson and loses puck.
4:44 of 3rd period - Wrist shot by Martin Frk.
4:44 of 3rd period - Shot Blocked by Jesper Bratt.
4:46 of 3rd period - Slapshot by Ivan Provorov.
4:46 of 3rd period - Shot Blocked by Martin Hanzal.
5:06 of 3rd period - Ivan Provorov is hit by Alex Ovechkin and loses puck.
5:37 of 3rd period - Snap shot by Patrick Maroon.
5:37 of 3rd period - Shot Blocked by Clayton Keller.
5:39 of 3rd period - Slapshot by Troy Stecher.
5:39 of 3rd period - Shot Misses the Net.
5:41 of 3rd period - Snap shot by Magnus Paajarvi.
5:41 of 3rd period - Shot Misses the Net.
5:43 of 3rd period - Snap shot by William Karlsson.
5:43 of 3rd period - Stopped by Pheonix Copley with a rebound.
5:45 of 3rd period - Slapshot by Brian Dumoulin.
5:45 of 3rd period - Shot Blocked by Roman Josi.
5:47 of 3rd period - Snap shot by Brian Dumoulin.
5:47 of 3rd period - Shot Misses the Net.
5:57 of 3rd period - Jesper Bratt is hit by Roman Josi.
5:58 of 3rd period - Icing by Jesper Bratt.
5:59 of 3rd period - Martin Hanzal wins face-off versus Andrew Copp in Kings zone.
6:52 of 3rd period - Thomas Vanek is hit by Ivan Provorov and loses puck.
7:04 of 3rd period - Icing by Brian Dumoulin.
7:05 of 3rd period - Marcus Kruger wins face-off versus Martin Hanzal in Kings zone.
7:06 of 3rd period - Snap shot by Paul Byron.
7:06 of 3rd period - Stopped by Ryan Miller with a rebound.
7:32 of 3rd period - Snap shot by Mathieu Perreault.
7:32 of 3rd period - Goal by Mathieu Perreault - Sabres : 1 - Kings : 3.
7:33 of 3rd period - Ryan Kesler wins face-off versus Andre Burakovsky in neutral zone.
7:39 of 3rd period - Icing by Kevin Shattenkirk.
7:40 of 3rd period - Ryan Kesler wins face-off versus Kevin Hayes in Sabres zone.
7:43 of 3rd period - Snap shot by Ryan Kesler.
7:43 of 3rd period - Stopped by Pheonix Copley without a rebound.
7:44 of 3rd period - Kevin Hayes wins face-off versus Mathieu Perreault in Sabres zone.
8:03 of 3rd period - Clayton Keller is hit by Danny DeKeyser and loses puck.
8:15 of 3rd period - Off-side.
8:16 of 3rd period - Paul Stastny wins face-off versus Alex Ovechkin in neutral zone.
8:44 of 3rd period - Roman Josi is hit by Martin Hanzal.
8:52 of 3rd period - Martin Hanzal is hit by Michael Stone and loses puck.
9:09 of 3rd period - Zach Hyman is hit by Artem Anisimov and loses puck.
9:28 of 3rd period - Wrist shot by Alex Ovechkin.
9:28 of 3rd period - Stopped by Pheonix Copley with a rebound.
9:30 of 3rd period - Slapshot by Justin Schultz.
9:30 of 3rd period - Stopped by Pheonix Copley with a rebound.
9:32 of 3rd period - Slapshot by Danny DeKeyser.
9:32 of 3rd period - Shot Misses the Net.
9:34 of 3rd period - Wrist shot by Alex Ovechkin.
9:34 of 3rd period - Stopped by Pheonix Copley with a rebound.
9:46 of 3rd period - Snap shot by David Backes.
9:46 of 3rd period - Stopped by Ryan Miller without a rebound.
9:47 of 3rd period - Paul Stastny wins face-off versus William Karlsson in Kings zone.
9:48 of 3rd period - Snap shot by Rickard Rakell.
9:48 of 3rd period - Shot Blocked by Troy Stecher.
10:35 of 3rd period - Snap shot by Patrick Maroon.
10:35 of 3rd period - Shot Blocked by Andre Burakovsky.
10:55 of 3rd period - Zach Hyman is hit by Alex Ovechkin and loses puck.
11:43 of 3rd period - Slapshot by Jesper Bratt.
11:43 of 3rd period - Stopped by Pheonix Copley with a rebound.
11:45 of 3rd period - Slapshot by Jesper Bratt.
11:45 of 3rd period - Shot Misses the Net.
11:47 of 3rd period - Snap shot by Jesper Bratt.
11:47 of 3rd period - Stopped by Pheonix Copley without a rebound.
11:48 of 3rd period - Andrew Copp wins face-off versus Thomas Vanek in Sabres zone.
11:48 of 3rd period - Andrew Copp is hit by Alex Ovechkin.
11:54 of 3rd period - Thomas Vanek is hit by Andrew Copp and loses puck.
12:45 of 3rd period - Slapshot by Jesper Bratt.
12:45 of 3rd period - Shot Misses the Net.
12:47 of 3rd period - Wrist shot by Jason Zucker.
12:47 of 3rd period - Stopped by Pheonix Copley with a rebound.
13:01 of 3rd period - Snap shot by Marcus Kruger.
13:01 of 3rd period - Shot Misses the Net.
13:03 of 3rd period - Slapshot by Josh Anderson.
13:03 of 3rd period - Stopped by Ryan Miller with a rebound.
13:05 of 3rd period - Wrist shot by Marcus Kruger.
13:05 of 3rd period - Stopped by Ryan Miller without a rebound.
13:06 of 3rd period - Mathieu Perreault wins face-off versus Andre Burakovsky in Kings zone.
13:08 of 3rd period - Minor Penalty to Cam Fowler for Hooking.
13:09 of 3rd period - Martin Hanzal wins face-off versus Paul Stastny in Kings zone.
13:35 of 3rd period - Martin Hanzal is hit by Martin Frk and loses puck.
14:09 of 3rd period - Martin Hanzal is hit by Ivan Provorov and loses puck.
14:24 of 3rd period - Wrist shot by Tomas Hertl.
14:24 of 3rd period - Shot Misses the Net.
15:08 of 3rd period - Penalty to Cam Fowler is over, Cam Fowler is back on ice.
16:02 of 3rd period - Roman Josi is hit by Artem Anisimov and loses puck.
16:17 of 3rd period - Wrist shot by Magnus Paajarvi.
16:17 of 3rd period - Stopped by Pheonix Copley with a rebound.
16:19 of 3rd period - Snap shot by Patrick Maroon.
16:19 of 3rd period - Stopped by Pheonix Copley without a rebound.
16:20 of 3rd period - David Backes wins face-off versus Jesper Bratt in Sabres zone.
17:09 of 3rd period - Roman Josi is hit by Martin Hanzal.
17:43 of 3rd period - Ivan Provorov is hit by Mathieu Perreault and loses puck.
18:12 of 3rd period - Danny DeKeyser is hit by Erik Gudbranson and loses puck.
18:25 of 3rd period - Martin Hanzal is hit by Rickard Rakell and loses puck.
18:39 of 3rd period - Slapshot by Alex Ovechkin.
18:39 of 3rd period - Shot Misses the Net.
19:04 of 3rd period - Icing by Alex Ovechkin.
19:05 of 3rd period - Ryan Kesler wins face-off versus Paul Stastny in Kings zone.
19:22 of 3rd period - Paul Stastny is hit by Troy Stecher and loses puck.
19:49 of 3rd period - Josh Anderson is hit by Ryan Kesler and loses puck.
Goals for this period are 0 for Sabres vs 1 for Kings.
Shots for this period are 11 for Sabres vs 17 for Kings.